 Dungeon Crawl Stone Soup version 0.17-a0-854-g4a4ba72 (console) character file.

1332 sose the Insei (level 8, -6/48 HPs)
             Began as an Octopode Transmuter on Apr 28, 2015.
             Was a Believer of Cheibriados.
             Mangled by a wight
             ... wielding a +2 great sword
              (7 damage)
             ... on level 7 of the Dungeon.
             The game lasted 00:19:49 (6248 turns).

sose the Insei (Octopode Transmuter)                Turns: 6248, Time: 00:19:49

Health: -6/48      AC:  1    Str: 17    XL:     8   Next: 61%
Magic:  1/11       EV: 11    Int: 23    God:    Cheibriados [**....]
Gold:   426        SH:  0    Dex: 19    Spells: 4 memorised, 1 level left

rFire  . . .     SeeInvis .       - Unarmed
rCold  . . .     Clarity  .     (no shield)
rNeg   . . .     SustAb   .     (helmet restricted)
rPois  .         Gourm    .     F - amulet of regeneration
rElec  .         Spirit   .     d - +2 ring of slaying
rCorr  .         Warding  .     y - +2 ring of strength
rMut   .         Stasis   .     (no ring)
MR     .....                    (no ring)
Stlth  +++.......               (no ring)
                                (no ring)
                                (no ring)
                                (no ring)

@: lethally poisoned (-6 -> -7), very slightly contaminated, heavily drained,
very slow, not resistant to hostile enchantments, fairly stealthy
A: almost no armour, amphibious, 8 rings, constrict 8, camouflage 1, gelatinous
body 1
a: Bend Time, Renounce Religion


You were on level 7 of the Dungeon.
You worshipped Cheibriados.
Cheibriados was pleased with you.
You were very hungry.

You visited 1 branch of the dungeon, and saw 7 of its levels.

You collected 426 gold pieces.

Inventory:

Missiles
 a - 41 arrows
 r - 2 steel javelins (quivered)
 x - 16 poisoned needles
 B - 8 poisoned arrows
Jewellery
 d - a +2 ring of slaying (left tentacle)
 l - an uncursed amulet of resist mutation
 y - a +2 ring of strength (right tentacle)
 F - an amulet of regeneration (around mantle)
Magical devices
 C - a wand of digging (13)
 E - a wand of confusion (32)
 I - a wand of flame (39)
Scrolls
 e - 6 scrolls of enchant armour {unknown}
 g - 2 scrolls of noise {unknown}
 h - 6 scrolls of remove curse {unknown}
 i - 6 scrolls of identify {unknown}
 m - a scroll of enchant weapon {unknown}
 n - 5 scrolls of teleportation {unknown}
 o - 3 scrolls of blinking {unknown}
 v - a scroll of recharging {unknown}
 w - a scroll of magic mapping {unknown}
 D - a scroll of fog {unknown}
Potions
 c - 3 potions of poison
 f - a potion of might {unknown}
 k - a potion of cancellation {unknown}
 p - 3 potions of curing {unknown}
 q - 2 potions of haste {unknown}
 t - a potion of magic {unknown}
 u - a potion of berserk rage {unknown}
 z - a potion of invisibility {unknown}
 A - a potion of degeneration {unknown}
 H - a potion of resistance {unknown}
 J - a potion of cure mutation {unknown}
Books
 b - a book of Changes

   Spells                             Type                      Level
   a - Beastly Appendage              Transmutation                1
   b - Sticks to Snakes               Transmutation                2
   c - Spider Form                    Transmutation/Poison         3
   d - Ice Form                       Ice/Transmutation            4
   e - Blade Hands                    Transmutation                5
Comestibles
 j - 4 meat rations
 s - a bread ration


   Skills:
 - Level 1.1(0.0) Fighting
 - Level 2.0(0.2) Dodging
 + Level 7.5(5.4) Unarmed Combat
 - Level 2.0(0.2) Spellcasting
 - Level 7.1(5.0) Transmutations
 - Level 2.0(0.2) Ice Magic
 - Level 2.0(0.2) Poison Magic


You had one spell level left.
You knew the following spells:

 Your Spells              Type           Power        Failure   Level  Hunger
a - Beastly Appendage     Trmt           ###...       1%          1    ##.....
b - Sticks to Snakes      Trmt           ###.......   2%          2    ###....
c - Spider Form           Trmt/Pois      ##........   17%         3    ####...
d - Ice Form              Ice/Trmt       ##......     58%         4    #####..


Dungeon Overview and Level Annotations

Branches:
Dungeon (7/15)             Temple (0/1) D:5

Altars:
Cheibriados
Fedhas
Gozag
Okawaru
Yredelemnul

Shops:
D:4 }


Innate Abilities, Weirdness & Mutations

You cannot wear most types of armour.
You are amphibious.
You can wear up to eight rings at the same time.
You can use your tentacles to constrict eight enemies at once.
Your skin changes colour to match your surroundings (Stealth).
Your rubbery body absorbs attacks (AC +1).


Message History

You are now empty-tentacled.
The wight barely misses you.
The wight hits your ball python with an enchanted battleaxe.
Your ball python dies!
Unknown command.
Unknown command.
Read which item? (? for menu, Esc to quit)
Okay, then.
Drink which item? (? for menu, Esc to quit)
It was a potion of poison.
That liquid tasted very nasty...
You are poisoned.
You feel sick.
Your ball python loses its grip on the wight.
The wight completely misses you.
The wight hits your ball python with an enchanted hand axe.
Your ball python dies!
The wight hits you from afar with an enchanted trident.
The wight hits you with an enchanted great sword!
* * * LOW HITPOINT WARNING * * *
You feel drained.
You die...

####..............
........<.....##..
.###..............
#.....)..........
#.##....(........
#................
#....z.###......
#....zz###......
....#..@z.........
####...S.....###
#.........#
#.........#
##.........###...p
#...())).$........
#.....##..........
#.....##...###...
#.....##...+ ..


You could see 4 wights and a friendly ball python.

Vanquished Creatures
  The ghost of sose the Changer, an average OpTm (D:3)
  2 orc warriors
  An ice beast (D:5)
  Blork the orc (D:4)
  2 giant frogs (D:6)
  A scorpion (D:7)
  A crimson imp (D:5)
  2 jellies
  2 orc wizards
  3 orc priests
  3 hounds
  2 worker ants (D:4)
  Terence (D:3)
  2 hound skeletons
  4 gnolls (D:3)
  10 adders
  2 adder zombies
  3 worms
  4 giant geckos
  17 orcs
  A ball python (D:1)
  9 bats
  A bat skeleton (D:4)
  5 giant cockroaches
  10 goblins
  17 hobgoblins
  A ball python zombie (D:6)
  8 giant newts
  A giant spore (D:6)
  10 jackals
  7 kobolds
  4 quokkas
  A quokka skeleton (D:3)
  9 rats
  2 ballistomycetes (D:6)
150 creatures vanquished.

Vanquished Creatures (collateral kills)
  A scorpion (D:4)
1 creature vanquished.

Grand Total: 151 creatures vanquished

Notes
Turn   | Place    | Note
--------------------------------------------------------------
     0 | D:1      | sose, the Octopode Transmuter, began the quest for the Orb.
     0 | D:1      | Reached XP level 1. HP: 13/13 MP: 3/3
   303 | D:1      | Reached XP level 2. HP: 18/18 MP: 3/5
  1024 | D:2      | Reached XP level 3. HP: 23/23 MP: 6/6
  1030 | D:2      | Learned a level 2 spell: Sticks to Snakes
  1034 | D:2      | Learned a level 3 spell: Spider Form
  1067 | D:2      | Found a blossoming altar of Fedhas.
  1249 | D:2      | Found an iron altar of Okawaru.
  1505 | D:2      | Reached skill level 4 in Transmutations
  1721 | D:3      | Reached XP level 4. HP: 17/28 MP: 7/7
  2088 | D:3      | Reached skill level 5 in Transmutations
  2088 | D:3      | Reached XP level 5. HP: 25/33 MP: 3/8
  2274 | D:3      | Reached skill level 1 in Poison Magic
  2307 | D:3      | Noticed sose's ghost (average OpTm)
  2532 | D:2      | You fall through a shaft!
  3018 | D:3      | Noticed Terence
  3035 | D:3      | Killed Terence
  3041 | D:3      | Reached XP level 6. HP: 24/38 MP: 4/9
  3307 | D:3      | Killed sose's ghost
  3307 | D:3      | Reached skill level 6 in Transmutations
  3619 | D:4      | Noticed Blork the orc
  3629 | D:4      | Killed Blork the orc
  3781 | D:4      | Found a snail-covered altar of Cheibriados.
  3782 | D:4      | Found a basalt altar of Yredelemnul.
  3783 | D:4      | Found an opulent altar of Gozag.
  3810 | D:4      | Became a worshipper of Cheibriados the Contemplative
  3861 | D:4      | Reached skill level 7 in Transmutations
  3861 | D:4      | Reached XP level 7. HP: 37/43 MP: 7/10
  4091 | D:4      | Found Fiph's Gadget Emporium.
  4179 | D:4      | Learned a level 4 spell: Ice Form
  4344 | D:4      | Acquired Cheibriados's first power
  4366 | D:4      | Reached skill level 1 in Ice Magic
  4644 | D:5      | Entered Level 5 of the Dungeon
  4669 | D:5      | Found a staircase to the Ecumenical Temple.
  5440 | D:6      | Reached skill level 5 in Unarmed Combat
  5492 | D:6      | Reached XP level 8. HP: 48/48 MP: 9/11
  6248 | D:7      | HP: 1/48 [wight/enchanted great sword (16)]
  6248 | D:7      | Mangled by a wight

Action                   |  1- 3 |  4- 6 |  7- 9 || total
-------------------------+-------+-------+-------++-------
Melee: Unarmed           |    78 |   128 |   150 ||   356
Throw: Javelin           |       |       |     1 ||     1
 Cast: Beastly Appendage |    10 |     2 |     2 ||    14
       Spider Form       |       |    15 |    12 ||    27
       Sticks to Snakes  |       |     4 |     6 ||    10
       Ice Form          |       |       |     2 ||     2
  Use: Potion            |       |       |     1 ||     1
 Stab: Sleeping          |     1 |     2 |     2 ||     5
       Distracted        |       |       |     1 ||     1
  Eat: Chunk             |     2 |     3 |     7 ||    12
       Beef jerky        |     1 |       |       ||     1
       Bread ration      |       |     1 |       ||     1
